 Dungeon Crawl Stone Soup version 0.17.1-3-g152610e (webtiles) character file.

93543 Peloso the Fencer (level 15, -6/145 HPs)
             Began as a Minotaur Fighter on Mar 30, 2016.
             Was the Champion of Okawaru.
             Mangled by an orc knight
             ... wielding a +0 great sword
              (14 damage)
             ... on level 4 of the Orcish Mines.
             The game lasted 01:26:56 (29229 turns).

Peloso the Fencer (Minotaur Fighter)               Turns: 29229, Time: 01:26:56

Health: -6/145     AC: 21    Str: 24    XL:     15   Next: 61%
Magic:  24/24      EV: 16    Int:  5    God:    Okawaru [******]
Gold:   2682       SH: 15    Dex: 25    Spells: 0 memorised, 14 levels left

rFire  + . .     SeeInvis +     N - +3 scimitar (flame)
rCold  . . .     Clarity  .     c - +1 chain mail of Cefugh {Dex+8}
rNeg   + . .     SustAt   +     X - +0 shield {rPois}
rPois  +         Gourm    .     R - +1 hat {SInv}
rElec  .         Spirit   .     L - +0 cloak {MR+}
rCorr  +         Warding  .     d - +2 pair of gloves "Xecedd" {rPois MP+9}
rMut   .         Stasis   .     (no boots)
MR     ++...                    T - amulet of resist corrosion
Stlth  ..........               x - ring of protection from fire
                                n - ring of Qorowk {SustAt *Corrode rN+ Dex+4}

@: about to teleport, very slightly contaminated, very resistant to hostile
enchantments, extremely unstealthy
A: retaliatory headbutt, horns 2, rugged brown scales 1
a: Heroism, Finesse, Renounce Religion


You were on level 4 of the Orcish Mines.
You worshipped Okawaru.
Okawaru was exalted by your worship.
You were hungry.

You visited 4 branches of the dungeon, and saw 26 of its levels.
You also visited: Sewer and Volcano.

You collected 2706 gold pieces.
You spent 24 gold pieces at shops.

Inventory:

Hand Weapons
 a - a +0 long sword
 E - the +3 great sword of Distant Worlds {slice, Dex+3}
   (Okawaru gifted it to you on level 3 of the Lair of Beasts)

   It inflicts extra damage upon your enemies.
   It affects your dexterity (+3).
 N - a +3 scimitar of flaming (weapon)
Armour
 c - the +1 chain mail of Cefugh (worn) {Dex+8}
   (You found it on level 8 of the Lair of Beasts)

   It affects your dexterity (+8).
 d - the +2 pair of gloves "Xecedd" (worn) {rPois MP+9}
   (You acquired it on level 8 of the Dungeon)

   It protects you from poison.
   It affects your magic capacity (+9).
 s - a +0 cloak of poison resistance
 D - a +0 chain mail of poison resistance
 L - a +0 cloak of magic resistance (worn)
 P - a +3 plate armour
 R - a +1 hat of see invisible (worn)
 X - a +0 shield of poison resistance (worn)
Jewellery
 n - the ring of Qorowk (left hand) {SustAt *Corrode rN+ Dex+4}
   (You found it on level 9 of the Dungeon)

   [ring of sustain attributes]

   It sustains your strength, intelligence and dexterity.
   It affects your dexterity (+4).
   It protects you from negative energy.
   It may corrode your equipment when you take damage.
 x - a ring of protection from fire (right hand)
 J - an uncursed amulet of guardian spirit
 K - an uncursed ring of invisibility
 T - an amulet of resist corrosion (around neck)
Wands
 B - a wand of disintegration (0)
 C - a wand of random effects (25)
 F - a wand of teleportation (6)
 G - a wand of fireball (6)
Scrolls
 b - 2 scrolls of blinking
 f - 9 scrolls of remove curse
 m - 2 scrolls of identify
 r - 3 scrolls of magic mapping
 u - 4 scrolls of teleportation
 w - a scroll of fog
 y - 3 scrolls of enchant weapon
 z - 3 scrolls of enchant armour
 H - 2 scrolls of fear
 O - a scroll of recharging
Potions
 h - 6 potions of brilliance
 j - 5 potions of haste
 k - 11 potions of agility
 o - 2 potions of heal wounds
 p - a potion of invisibility
 q - 2 potions of flight
 t - 9 potions of curing
 v - a potion of magic
 A - 2 potions of cancellation
 M - 2 potions of might
 Q - 2 potions of cure mutation
 S - 3 potions of berserk rage
 U - 2 potions of resistance
 V - a potion of experience
Comestibles
 e - 11 bread rations
 g - 5 meat rations
 i - 3 slices of pizza
 l - 26 fruits
 I - 2 beef jerkies
 W - a royal jelly


   Skills:
 + Level 15.1 Fighting
 + Level 17.9 Long Blades
 + Level 14.9 Armour
 + Level 7.9 Dodging
 + Level 2.1 Stealth
 + Level 15.2 Shields
 + Level 2.2 Invocations
 + Level 0.1 Evocations


You had 14 spell levels left.
You didn't know any spells.

Dungeon Overview and Level Annotations

Branches:
Dungeon (13/15)            Temple (1/1) D:6            Lair (8/8) D:8
  Swamp (0/4) Lair:6       Spider (0/4) Lair:3        Slime (0/6) Lair:7
    Orc (4/4) D:10            Elf (0/3) Orc:4
 Vaults: D:13-14

Altars:
Ashenzari
Cheibriados
Dithmenos
Elyvilon
Fedhas
Gozag
Kikubaaqudgha
Makhleb
Nemelex Xobeh
Okawaru
Qazlal
Ru
Sif Muna
Trog
Vehumet
Xom
Yredelemnul
Zin
The Shining One

Shops:
D:9 *


Innate Abilities, Weirdness & Mutations

You reflexively headbutt those who attack you in melee.
You have a pair of horns on your head.
You are partially covered in rugged brown scales (AC +1, +3% HP).


Message History

You block the ice devil's attack.
Unknown command.
You completely miss the ice devil. You headbutt the ice devil!
The ice devil is severely wounded.
Unknown command.
You slash the ice devil! You burn the ice devil.
You kill the ice devil!
The orc high priest calls down the wrath of Beogh upon you.
Something smites you!
* * * LOW HITPOINT WARNING * * *
Unknown command.
You barely miss the orc knight.
You headbutt the orc knight, but do no damage.
Unknown command.
You are feeling hungry.
You slash the rust devil!
The rust devil is moderately wounded.
The rust devil hits you.
The orc knight hits you with a great sword!
You die...

#.............# #....#
#....#...#....# ##....
##.....)o....####....#
#...#..)#...# #.#....
##.........## #......
#..#oo)#..# #.#....
##.......## ###....
###4..##### ##...
#@o...##.## #....
##..)##...# ##...
##.)))#).## ###.
##.)))...# ###
#....#..## ##.#
##.###...## #... ###
##...####.# #....#####
###.....###.


You could see an orc knight, an orc high priest, a rust devil and 2 orc
warriors.

Vanquished Creatures
  Gastronok (D:8)
  Kirke (Lair:6)
  Snorg (D:10)
  Josephine (Lair:6)
  11 hydras
  Erica (D:8)
  6 death yaks (Lair:8)
  An orc high priest (Orc:4)
  Urug (D:13)
  Nergalle (Lair:3)
  A flayed ghost (D:9)
  5 orc knights
  An orc sorcerer (Orc:3)
  Pikel (D:6)
  A lindwurm (Lair:8)
  The ghost of kirsanium the Quickloader, a novice CeHu of Okawaru (D:7)
  6 hill giants
  3 cyclopes
  2 griffons
  A manticore (Lair:6)
  3 ugly things
  9 elephants
  8 black mambas
  The ghost of NihilVerum the Digger, a novice GrEE (D:6)
  14 spiny frogs
  5 gargoyles
  3 centaur skeletons
  6 komodo dragons
  An efreet (Volcano)
  4 fire drakes
  A spriggan druid (Lair:8)
  11 polar bears
  A giant leech (Lair:6)
  2 two-headed ogres
  5 slime creatures
  15 blink frogs
  A boulder beetle (Lair:3)
  A deep elf mage (D:10)
  5 trolls
  A fire elemental (D:11)
  11 spriggans
  10 wyverns
  4 fire bats
  5 hungry ghosts
  8 redbacks (Lair:8)
  4 hogs (Lair:6)
  8 wraiths
  A water elemental (D:11)
  An air elemental (D:11)
  10 basilisks
  58 yaks
  2 wargs (Orc:3)
  8 hippogriffs
  Menkaure (D:5)
  46 wolves
  2 soldier ants
  A hell hound (Lair:6)
  A swamp worm (Lair:6)
  Duvessa (D:7)
  17 orc warriors
  5 wasps
  8 porcupines
  5 sky beasts
  22 water moccasins
  8 black bears
  3 eyes of draining
  9 ogres
  An ice beast (D:10)
  4 centaurs
  4 phantoms
  A big kobold (D:8)
  Blork the orc (D:5)
  12 crocodiles
  16 giant frogs
  An earth elemental (D:11)
  Dowan (D:7)
  4 scorpions
  A gnoll sergeant (D:6)
  5 wights (D:7)
  19 killer bees
  2 electric eels
  2 centaur zombies
  3 crimson imps
  3 jellies
  9 hounds
  A giant frog skeleton (D:7)
  A gnoll shaman (D:7)
  A giant frog zombie (D:12)
  30 orc priests
  22 orc wizards
  11 worker ants
  15 iguanas
  18 sheep
  A worker ant zombie (D:9)
  11 gnolls
  43 river rats
  19 adders
  An adder zombie (D:4)
  2 adder skeletons
  A worm (D:4)
  4 giant geckos
  145 orcs
  5 giant cockroaches
  9 hobgoblins
  8 jackals
  3 quokkas
  7 ball pythons
  21 bats
  4 giant newts
  4 goblins
  31 kobolds
  A quokka skeleton (D:9)
  26 rats
  A bush (Lair:7)
  A fungus (Lair:7)
  7 plants
946 creatures vanquished.

Vanquished Creatures (others)
  A hydra (Lair:3)
  Sigmund (D:6)
  A hippogriff (Lair:6)
  A porcupine (Lair:6)
  3 humans
  A centaur (D:6)
  A giant frog (Lair:6)
  A giant frog zombie (D:6)
  A centaur skeleton (D:6)
  A hound skeleton (D:6)
  2 jackals (D:6)
  A bush (Lair:8)
  41 fungi
  23 plants
79 creatures vanquished.

Grand Total: 1025 creatures vanquished

Notes
Turn   | Place    | Note
--------------------------------------------------------------
     0 | D:1      | Peloso the Minotaur Fighter began the quest for the Orb.
     0 | D:1      | Reached XP level 1. HP: 19/19 MP: 0/0
   131 | D:1      | Reached skill level 4 in Fighting
   233 | D:1      | Reached XP level 2. HP: 27/27 MP: 1/1
   946 | D:2      | Found a faded altar to an unknown god.
  1035 | D:2      | Reached XP level 3. HP: 33/33 MP: 2/2
  1123 | D:2      | Reached skill level 1 in Dodging
  1791 | D:3      | Found a shimmering altar of Xom.
  1792 | D:3      | Found a sacrificial altar of Ru.
  1792 | D:3      | Found a basalt altar of Yredelemnul.
  1809 | D:3      | Found a shadowy altar of Dithmenos.
  1879 | D:3      | Reached XP level 4. HP: 32/40 MP: 3/3
  2523 | D:4      | Noticed a phantom
  2567 | D:4      | Killed a phantom
  2567 | D:4      | Reached skill level 5 in Armour
  2567 | D:4      | Reached XP level 5. HP: 28/47 MP: 4/4
  2622 | D:4      | Found a glowing drain.
  2725 | Sewer    | Entered a sewer
  2968 | Sewer    | Reached XP level 6. HP: 53/53 MP: 5/5
  3703 | D:4      | Reached skill level 5 in Shields
  4347 | D:4      | Reached skill level 6 in Armour
  4347 | D:4      | Reached XP level 7. HP: 60/60 MP: 6/6
  4352 | D:4      | Found a stormy altar of Qazlal.
  4377 | D:5      | Entered Level 5 of the Dungeon
  4408 | D:5      | Noticed Menkaure
  4424 | D:5      | Killed Menkaure
  4424 | D:5      | Reached skill level 5 in Fighting
  4424 | D:5      | Reached skill level 5 in Long Blades
  5044 | D:5      | Noticed Blork the orc
  5078 | D:5      | Killed Blork the orc
  5329 | D:5      | Found a glowing golden altar of the Shining One.
  5339 | D:5      | Reached XP level 8. HP: 68/70 MP: 7/7
  5750 | D:6      | Noticed NihilVerum's ghost (novice GrEE)
  5756 | D:6      | Killed NihilVerum's ghost
  5756 | D:6      | Reached skill level 7 in Armour
  5877 | D:6      | Found a staircase to the Ecumenical Temple.
  5882 | D:6      | Noticed Pikel
  5885 | Temple   | Entered the Ecumenical Temple
  5936 | Temple   | Became a worshipper of Warmaster Okawaru
  5990 | D:6      | Killed Pikel
  5990 | D:6      | Reached * piety under Okawaru
  5990 | D:6      | Reached XP level 9. HP: 4/78 MP: 8/8
  6082 | D:6      | Reached skill level 8 in Armour
  6192 | D:6      | Noticed Sigmund
  6206 | D:6      | Killed Sigmund
  6306 | D:6      | Found an ancient bone altar of Kikubaaqudgha.
  6822 | D:7      | Noticed Dowan
  6824 | D:7      | Noticed Duvessa
  6854 | D:7      | Killed Duvessa
  6877 | D:7      | Killed Dowan
  6877 | D:7      | Reached ** piety under Okawaru
  7018 | D:7      | Found a bloodstained altar of Trog.
  7380 | D:7      | Reached skill level 9 in Shields
  7425 | D:7      | Reached skill level 5 in Dodging
  7506 | D:7      | Noticed kirsanium's ghost (novice CeHu)
  7516 | D:7      | Reached *** piety under Okawaru
  7518 | D:7      | Killed kirsanium's ghost
  7518 | D:7      | Reached XP level 10. HP: 85/88 MP: 9/9
  7528 | D:7      | Found a shimmering altar of Xom.
  7590 | D:7      | Reached **** piety under Okawaru
  8170 | D:8      | Noticed Erica
  8181 | D:8      | Killed Erica
  8181 | D:8      | Reached skill level 1 in Stealth
  8283 | D:8      | Noticed a green ugly thing
  8291 | D:8      | Killed a green ugly thing
  8291 | D:8      | Reached skill level 10 in Long Blades
  8901 | D:8      | Noticed Gastronok
  8915 | D:8      | Killed Gastronok
  8915 | D:8      | Reached ***** piety under Okawaru
  8915 | D:8      | Reached skill level 10 in Armour
  8915 | D:8      | Reached skill level 1 in Invocations
  9097 | D:8      | Reached XP level 11. HP: 90/97 MP: 10/10
  9108 | D:8      | Received a gift from Okawaru
  9142 | D:8      | Found a staircase to the Lair.
  9511 | D:8      | Identified a scroll of acquirement
  9514 | D:8      | Got a pair of warped gloves
  9525 | D:8      | Identified the +2 pair of gloves "Xecedd" {rPois MP+9} (You acquired it on level 8 of the Dungeon)
  9903 | D:9      | Found Xole's General Store.
  9910 | D:9      | Bought a scroll of identify for 24 gold pieces
 10145 | D:9      | Found a runed door.
 10165 | D:9      | Found an iron altar of Okawaru.
 10180 | D:9      | Found a shimmering altar of Xom.
 10192 | D:9      | Found an iron altar of Okawaru.
 10204 | D:9      | Found an iron altar of Okawaru.
 10233 | D:9      | Reached skill level 11 in Long Blades
 10260 | D:9      | Found a bloodstained altar of Trog.
 10283 | D:9      | Reached skill level 10 in Shields
 10328 | D:9      | Found a sparkling altar of Nemelex Xobeh.
 10629 | D:9      | Noticed a flayed ghost
 10633 | D:9      | Killed a flayed ghost
 10637 | D:9      | Got a brightly glowing lead ring
 10639 | D:9      | Identified the ring of Qorowk {SustAt *Corrode rN+ Dex+4} (You found it on level 9 of the Dungeon)
 10694 | D:10     | Entered Level 10 of the Dungeon
 10735 | D:10     | Reached skill level 10 in Fighting
 10861 | D:10     | Found a staircase to the Orcish Mines.
 10933 | D:10     | Noticed a hill giant
 10939 | D:10     | Killed a hill giant
 10959 | D:10     | Found a shimmering altar of Xom.
 11071 | D:10     | Noticed Snorg
 11074 | D:10     | Noticed a hill giant
 11093 | D:10     | Killed Snorg
 11096 | D:10     | Killed a hill giant
 11718 | D:11     | Noticed a hill giant
 11726 | D:10     | Killed a hill giant
 11805 | D:11     | Reached skill level 12 in Long Blades
 11852 | D:11     | Found a large runed door.
 11852 | D:11     | Found a large runed door.
 12368 | D:11     | Reached XP level 12. HP: 103/108 MP: 12/12
 12637 | D:11     | Received a gift from Okawaru
 12738 | D:11     | Reached ****** piety under Okawaru
 12976 | D:11     | Noticed a hill giant
 12986 | D:11     | Killed a hill giant
 13233 | D:12     | Reached skill level 13 in Long Blades
 13247 | D:12     | Received a gift from Okawaru
 13812 | D:13     | Noticed Urug
 13827 | D:13     | Killed Urug
 14077 | D:13     | Noticed a five-headed hydra
 14084 | D:13     | Killed a one-headed hydra
 14760 | Lair:1   | Entered Level 1 of the Lair of Beasts
 14800 | Lair:1   | Found a dark tunnel.
 14817 | Volcano  | Entered a volcano
 14878 | Volcano  | Reached XP level 13. HP: 104/118 MP: 13/13
 15157 | Lair:1   | Reached skill level 14 in Long Blades
 15183 | Lair:1   | Noticed a four-headed hydra
 15193 | Lair:1   | Killed a one-headed hydra
 15193 | Lair:1   | Received a gift from Okawaru
 16633 | Lair:3   | Noticed Nergalle
 16669 | Lair:3   | Killed Nergalle
 16669 | Lair:3   | Received a gift from Okawaru
 16672 | Lair:3   | Got a scorched great sword {god gift}
 16678 | Lair:3   | Identified the +3 great sword of Distant Worlds {slice, Dex+3} (Okawaru gifted it to you on level 3 of the Lair of Beasts)
 16760 | Lair:3   | Found a hole to the Spider Nest.
 18125 | Lair:4   | Reached skill level 15 in Long Blades
 18545 | Lair:4   | Gained mutation: You are partially covered in rugged brown scales (AC +1, +3% HP). [potion of beneficial mutation]
 19089 | Lair:5   | Received a gift from Okawaru
 19525 | Lair:5   | Reached XP level 14. HP: 103/132 MP: 14/14
 19770 | Lair:6   | Noticed Kirke
 19776 | Lair:6   | Killed Kirke
 19860 | Lair:6   | Found a staircase to the Swamp.
 19902 | Lair:6   | Received a gift from Okawaru
 19931 | Lair:6   | Noticed Josephine
 19940 | Lair:6   | Killed Josephine
 20286 | Lair:6   | Reached skill level 16 in Long Blades
 21369 | Lair:7   | Found a staircase to the Slime Pits.
 23016 | Lair:7   | Received a gift from Okawaru
 23267 | Lair:8   | Entered Level 8 of the Lair of Beasts
 23270 | Lair:8   | Got a sapphire-encrusted chain mail
 23381 | Lair:8   | Identified the cursed +1 chain mail of Cefugh {Dex+8} (You found it on level 8 of the Lair of Beasts)
 23511 | Lair:8   | Reached skill level 17 in Long Blades
 23923 | Lair:8   | Reached XP level 15. HP: 120/143 MP: 15/15
 24970 | Lair:8   | Received a gift from Okawaru
 25736 | Lair:8   | Reached skill level 15 in Fighting
 26295 | Orc:1    | Entered Level 1 of the Orcish Mines
 27815 | Orc:4    | Entered Level 4 of the Orcish Mines
 28044 | Orc:4    | Reached skill level 15 in Shields
 28076 | Orc:4    | Found a staircase to the Elven Halls.
 29227 | Orc:4    | HP: 7/145 [orc high priest/divine providence (13)]
 29229 | Orc:4    | Mangled by an orc knight

Action                   |  1- 3 |  4- 6 |  7- 9 | 10-12 | 13-15 || total
-------------------------+-------+-------+-------+-------+-------++-------
Melee: Long sword        |   123 |   266 |   289 |       |       ||   678
       Great sword       |       |       |    31 |    60 |    47 ||   138
       Scimitar          |       |       |       |   693 |  1634 ||  2327
Invok: Heroism           |       |       |       |     4 |     6 ||    10
Evoke: Wand              |       |       |       |       |     5 ||     5
  Use: Scroll            |     5 |     2 |       |    18 |    16 ||    41
       Potion            |       |       |     7 |     1 |     4 ||    12
 Stab: Invisible         |       |       |     2 |       |       ||     2
  Eat: Chunk             |     3 |     8 |    10 |    25 |    48 ||    94
       Pizza             |       |       |     1 |       |       ||     1
       Royal jelly       |       |       |       |     1 |       ||     1
